Map: Orbital Shipyard

Players

Seb - Winner!

  • Race: Zerg Zerg
  • League: Platinum

LilDicky

  • Race: Protoss Protoss
  • League: Diamond

VOD

http://www.twitch.tv/tumescentpie

Description

Time

  • Played on: Jan. 4, 2016, 3:34 a.m.
  • Length: 13:45
Show
View Real Time Build Order
Export as new Build Order

Seb Zerg - Winner!

Build Orders: Hatch First 

Get SALT Encoding   

  12  0:08  Overlord  
  12  0:12  Drone  
  13  0:17  Drone  
  14  0:26  Drone  
  15  0:30  Drone  
  16  0:51  Hatchery  
  15  1:00  Drone x2  
  17  1:12  Extractor  
  17  1:15  Spawning Pool  
  15  1:22  Drone x2  
  17  1:44  Drone x2  
  20  2:01  Drone x2  
  20  2:03  Queen x2  
  25  2:10  Zergling x2  
  25  2:21  Zergling x2  
  25  2:22  Zergling x4  
  28  2:25  Overlord  
  28  2:31  Metabolic Boost  
  28  2:55  Drone x4  
  32  3:01  Overlord  
  32  3:02  Zergling x2  
  33  3:20  Zergling x8  
  33  3:21  Zergling x8  
  41  3:39  Overlord x2  
  41  3:48  Zergling x6  
  41  3:49  Overlord x2  
  44  4:00  Roach Warren  
  43  4:04  Zergling x12  
  47  4:31  Zergling x4  
  47  4:32  Zergling x4  
  40  4:46  Zergling x4  
  40  4:50  Zergling x4  
  40  4:51  Zergling x6  
  46  5:03  Zergling x4  
  46  5:04  Zergling x4  
  47  5:16  Roach x2  
  48  5:29  Roach x5  
  48  5:30  Roach  
  60  5:41  Lair  
  60  5:49  Roach x3  
  68  5:50  Roach  
  65  6:15  Extractor  
  64  6:21  Roach x5  
  64  6:22  Roach  
  64  6:24  Overlord x3  
  60  6:47  Roach x5  
  70  6:58  Ravager  
  71  7:03  Drone  
  71  7:04  Drone  
  73  7:15  Extractor  
  72  7:21  Ravager  
  74  7:30  Drone x5  
  74  7:35  Extractor  
  78  7:44  Drone x3  
  80  8:03  Ravager x3  
  83  8:12  Roach x2  
  86  8:15  Overlord x3  
  81  9:01  Roach x5  
  81  9:02  Roach x2  
  90  9:18  Glial Reconstitution  
  90  9:33  Hatchery  
  89  9:38  Hydralisk Den  
  89  9:40  Drone x3  
  89  9:41  Drone x5  
  96  10:07  Hydralisk x6  
  108  10:24  Hydralisk x6  
  120  10:46  Queen  
  122  10:56  Overseer  
  122  10:59  Pneumatized Carapace, Extractor  
  121  11:04  Extractor  
  121  11:09  Hydralisk x3  
  121  11:10  Roach x2  
  130  11:12  Overlord x3  
  120  11:48  Ravager x6  
  126  12:00  Muscular Augments  
  126  12:02  Drone x3  
  126  12:04  Drone x2  
  126  12:05  Drone  
  122  12:49  Hydralisk x4  
  122  12:50  Hydralisk x8  
  122  12:51  Hydralisk x3  
Show
View Real Time Build Order
Export as new Build Order

LilDicky Protoss 

Build Orders:  

Get SALT Encoding   

  12  0:02  Probe (Chrono Boost)  
  13  0:13  Probe (Chrono Boost)  
  14  0:22  Pylon  
  14  0:26  Probe (Chrono Boost)  
  15  0:40  Probe (Chrono Boost)  
  16  0:46  Gateway  
  16  0:51  Probe (Chrono Boost)  
  17  1:01  Probe (Chrono Boost)  
  18  1:11  Assimilator  
  18  1:22  Pylon  
  18  1:24  Probe (Chrono Boost)  
  19  1:38  Cybernetics Core, Zealot (Chrono Boost)  
  21  1:42  Probe (Chrono Boost)  
  22  1:55  Gateway  
  22  1:56  Gateway  
  22  2:02  Gateway  
  22  2:13  Probe  
  22  2:14  Warp Gate (Chrono Boost)  
  23  2:21  Pylon  
  23  2:56  Pylon  
  23  3:26  Nexus  
  23  4:03  Zealot x4  
  31  4:12  Gateway  
  31  4:15  Gateway  
  31  4:24  Adept  
  31  4:25  Adept x3  
  27  4:46  Stalker x3, Mothership Core  
  27  4:47  Stalker  
  24  5:08  Zealot  
  24  5:09  Zealot x2  
  24  5:10  Zealot  
  24  5:21  Stalker  
  24  5:22  Zealot x2  
  24  5:27  Probe  
  29  5:43  Pylon  
  29  5:44  Forge  
  29  5:45  Pylon  
  25  6:11  Adept x2  
  25  6:12  Adept x3  
  35  6:20  Sentry  
  33  6:35  Adept x3  
  33  6:37  Probe  
  23  7:03  Pylon  
  23  7:04  Pylon  
  23  7:09  Nexus  
  23  7:18  Photon Cannon  
  23  7:19  Pylon  
  23  7:26  Adept x2  
  23  7:27  Adept  
  23  7:58  Probe  
  24  8:04  Stargate  
  24  8:06  Assimilator  
  24  8:10  Probe  
  25  8:15  Assimilator  
  25  8:16  Probe  
  26  8:21  Assimilator  
  26  8:50  Void Ray  
  34  9:40  Probe  
  34  9:42  Probe  
  34  9:44  Phoenix  
  34  9:48  Stargate  
  34  9:50  Pylon  
  34  9:55  Pylon  
  34  9:56  Probe  
  34  9:59  Probe  
  36  10:13  Phoenix  
  38  10:17  Probe  
  39  10:25  Probe  
  40  10:29  Probe  
  40  10:32  Void Ray  
  45  10:52  Void Ray  
  48  11:09  Fleet Beacon  
  48  11:18  Void Ray  
  50  11:51  Sentry  
  52  11:55  Pylon  
  52  12:15  Tempest x2  
  52  12:19  Sentry  
  62  12:25  Sentry  
  64  12:58  Tempest (Chrono Boost)  
  64  13:00  Pylon  
  47  13:35  Zealot x3  
Tags
 
Add a new tag
Caveats
  • Supply blocks, unpowered buildings, or Contaminate may cause inaccurate times.
  • Supply counts are checked every 10 seconds.